 Dungeon Crawl Stone Soup version 0.14-a0-2899-g175aae5 (webtiles) character file.

129939 SomethingShithole the Blocker (level 16, -2/145 HPs)
             Began as a Minotaur Fighter on Mar 1, 2014.
             Was an Elder of Makhleb.
             Slain by a sixfirhy (9 damage)
             ... summoned by an orc sorcerer
             ... on Level 2 of the Elven Halls.
             The game lasted 04:16:33 (43382 turns).

SomethingShithole the Blocker (Minotaur Fighter)   Turns: 43382, Time: 04:16:33

HP  -2/145       AC 26     Str 31      XL: 16   Next: 49%
MP  25/25        EV  8     Int  7      God: Makhleb [****..]
Gold 910         SH 35     Dex 11      Spells:  0 memorised, 15 levels left

rFire  + + +     SeeInvis +     b - +10,+5 flail of the Radish {pain, Str+4}
rCold  . . .     Clarity  .     w - +3 plate armour {rF+}
rNeg   . . .     Conserve .     x - +3 dwarf shield
rPois  +         rCorr    .     (helmet restricted)
rElec  .         rRot     .     J - +0 cloak
SustAb . .       Spirit   .     y - +2 pair of orc gloves
rMut   +         Warding  .     s - +0 pair of boots "Hised" {rF++ Int+2 SInv}
Saprov . . .     Stasis   .     g - amulet of resist mutation
MR     +....                    c - ring of poison resistance
                                H - ring of invisibility

@: drained, somewhat resistant to hostile enchantments, extremely unstealthy
A: retaliatory headbutt, horns 2
a: Minor Destruction, Lesser Servant of Makhleb, Major Destruction, Renounce
Religion, Evoke Invisibility


You were on level 2 of the Elven Halls.
You worshipped Makhleb.
Makhleb was greatly pleased with you.
You were not hungry.

You visited 6 branches of the dungeon, and saw 32 of its levels.
You also visited: Bailey.

You collected 2522 gold pieces.
You spent 1612 gold pieces at shops.

Inventory:

Hand weapons
 b - the +10,+5 flail of the Radish (weapon) {pain, Str+4}
   (You bought it in a shop on level 4 of the Dungeon)

   In the hands of one skilled in necromantic magic, it inflicts extra damage on
   living creatures.
   It affects your strength (+4).
Missiles
 z - 55 tomahawks of returning (quivered)
Armour
 s - the +0 pair of boots "Hised" (worn) {rF++ Int+2 SInv}
   (You bought it in a shop on level 4 of the Orcish Mines)

   It affects your intelligence (+2).
   It greatly protects you from fire.
   It enhances your eyesight.
 w - a +3 plate armour of fire resistance (worn)
 x - a +3 dwarven shield (worn)
 y - a +2 pair of orcish gloves (worn)
 J - a +0 cloak (worn)
 N - the +5 scale mail "Jece" {+Inv MR+ Int+2}
   (You found it on level 11 of the Dungeon)

   It affects your intelligence (+2).
   It affects your resistance to hostile enchantments.
   It lets you turn invisible.
Magical devices
 l - a wand of disintegration (7) {unknown}
 o - a wand of random effects (6) {unknown}
 v - a wand of flame (0)
 C - a wand of enslavement (15) {unknown}
 D - a wand of lightning (4)
 E - a wand of paralysis (14)
 G - a wand of disintegration (13) {unknown}
 O - a wand of flame (10)
 P - a wand of random effects (12) {unknown}
 T - a wand of fire (7) {unknown}
 Y - a wand of digging (9)
 Z - a wand of fire (9) {unknown}
Comestibles
 d - 8 bread rations
Scrolls
 e - 9 scrolls of remove curse
 k - 4 scrolls of identify
 n - 3 scrolls of fog
 U - a scroll of enchant weapon I
Jewellery
 c - a ring of poison resistance (right hand)
 f - a cursed ring of wizardry
 g - an amulet of resist mutation (around neck)
 j - a +4 ring of strength
 r - the ring "Kifria" {rElec rPois Dam+2 SInv}
   (You bought it in a shop on level 4 of the Orcish Mines)

   [ring of see invisible]

   It affects your damage with ranged weapons and melee attacks (+2).
   It insulates you from electricity.
   It protects you from poison.
 B - the ring of the Morning {rF+ Str+3 Dex+1}
   (You found it on level 7 of the Dungeon)

   [ring of protection from fire]

   It affects your strength (+3).
   It affects your dexterity (+1).
 F - a cursed ring of sustain abilities
 H - a ring of invisibility (left hand)
 L - an uncursed amulet of conservation
 Q - an uncursed ring of sustenance
 R - a +6 ring of protection {unknown}
 S - an uncursed amulet of clarity
 W - an uncursed ring of sustain abilities
Potions
 a - 2 potions of resistance
 h - 2 potions of flight
 i - 4 potions of restore abilities
 m - 4 potions of might
 p - 6 potions of curing
 t - 4 potions of agility
 u - 4 potions of invisibility
 A - a potion of mutation {unknown}
 K - a potion of cure mutation
 M - a potion of poison {unknown}
 X - a potion of magic
Books
 q - a book of Changes

   Spells                             Type                      Level
   Beastly Appendage                  Transmutation                1
   Sticks to Snakes                   Transmutation                2
   Spider Form                        Transmutation/Poison         3
   Ice Form                           Ice/Transmutation            4
   Blade Hands                        Transmutation                5
Miscellaneous
 I - a fan of gales
 V - a phial of floods


   Skills:
 + Level 13.7(13.0) Fighting
 + Level 16.8(16.0) Maces & Flails
 + Level 2.8(2.2) Throwing
 + Level 14.7(13.9) Armour
 + Level 10.0(9.3) Dodging
 + Level 2.6(2.0) Stealth
 + Level 17.8(17.0) Shields
 + Level 9.2(8.5) Invocations
 + Level 0.6(0.1) Evocations


You had 15 spell levels left.
You didn't know any spells.

Dungeon Overview and Level Annotations

Branches:
Dungeon (16/16)            Temple (1/1) D:7             Orc (4/4) D:9
    Elf (2/3) Orc:3          Lair (8/8) D:9          Shoals (0/5) Lair:3
 Spider (1/5) Lair:5        Slime (0/6) Lair:7       Vaults (0/5) D:15
 Depths (0/6) D:16

Altars:
Ashenzari
Cheibriados
Dithmenos
Elyvilon
Fedhas
Kikubaaqudgha
Makhleb
Nemelex Xobeh
Okawaru
Sif Muna
Trog
Vehumet
Xom
Yredelemnul
Zin
The Shining One
Beogh

Shops:
D:4 ***(*   D:13 *   Orc:1 (   Orc:3 ?   Orc:4 [*(=

Portals:
Hell: Lair:8

Annotations:
D:16 exclusion: oklob plant
Lair:8 exclusion: oklob plant


Innate Abilities, Weirdness & Mutations

You reflexively headbutt those who attack you in melee.
You have a pair of horns on your head.


Message History

A deep elf priest comes into view. It is wielding a scimitar.
A deep elf fighter comes into view. It is wielding a long sword.
The deep elf conjurer casts a spell at you.
The bolt of lightning hits you!
* * * LOW HITPOINT WARNING * * *
The orc sorcerer mumbles some strange words.
The sixfirhy hits you but does no damage.
You block the sixfirhy's attack.
A deep elf conjurer comes into view. It is wielding a glowing dagger.
The deep elf priest calls down the wrath of its god upon you.
Something smites you!
* * * LOW HITPOINT WARNING * * *
The sixfirhy barely misses you.
The sixfirhy hits you but does no damage.
Found 13 bolts.
You feel yourself speed up. The sixfirhy hits you!
* * * LOW HITPOINT WARNING * * *
The sixfirhy shocks you!
You die...

. ############.(.
....###..e.4@.......#
....'..e.#########.##
.f..###..# #.# #.e#
#.# #..#########.##
#.e...e.e.e...#
....###o########
#..#########
....(.>ee.##
#...........
.......4.o##
#..#########


You could see a deep elf conjurer, a sixfirhy and a deep elf priest.

Vanquished Creatures
  A cacodemon (Lair:8)
  Gastronok (D:8)
  A stone giant (Orc:3)
  A mottled draconian (shapeshifter) (D:16)
  An ettin (Orc:2)
  2 dire elephants (Lair:8)
  A vault guard (D:15)
  A fire dragon (D:15)
  Harold (Elf:1)
  12 hydras
  The ghost of Gorice the Nimble, a powerful DsWn of Dithmenos (Lair:1)
  6 centaur warriors
  13 death yaks
  An orc high priest (Elf:1)
  A sun demon (Lair:8)
  2 very ugly things (D:16)
  Nergalle (Lair:7)
  4 deep elf knights
  A fire crab (Lair:7)
  5 skeletal warriors (D:15)
  A wizard (Lair:8)
  The ghost of FishServ the Carver, an experienced HOCK of Xom (Lair:1)
  3 orb spiders (Spider:1)
  5 unseen horrors
  A deep troll (shapeshifter) (D:14)
  3 orc knights
  10 hill giants
  4 deep elf summoners
  3 manticores
  4 griffons
  2 orc sorcerers (Orc:4)
  3 deep elf conjurers
  3 octopodes (D:14)
  8 wolf spiders (Spider:1)
  An oklob plant (D:11)
  6 black mambas
  6 cyclopes
  A guardian serpent (shapeshifter) (D:15)
  2 item mimics
  9 spiny frogs
  A salamander (shapeshifter) (D:11)
  A queen ant (Lair:5)
  3 orange demons (Lair:8)
  A smoke demon (Lair:8)
  2 demonic crawlers (Spider:1)
  A feature mimic (D:10)
  A fire drake (Lair:8)
  A deep elf priest (Elf:1)
  A hellwing (Lair:8)
  A spriggan (shapeshifter) (Elf:2)
  A wandering mushroom (Lair:8)
  2 centaur skeletons
  5 jumping spiders
  2 blue devils (Lair:8)
  16 blink frogs
  A raven (shapeshifter) (D:16)
  7 trolls
  5 komodo dragons
  Prince Ribbit (D:8)
  2 two-headed ogres
  A fire dragon zombie (D:14)
  6 basilisks
  The ghost of FishServ the Scratcher, an average FeWn of Elyvilon (D:5)
  9 slime creatures
  22 ugly things
  A water elemental (D:14)
  5 trapdoor spiders (Spider:1)
  A formicid (Spider:1)
  5 tarantellas (Spider:1)
  A trapdoor spider (shapeshifter) (D:15)
  An elephant slug (Lair:8)
  3 redbacks (Spider:1)
  6 deep elf magi
  A steam dragon (D:10)
  A shadow (D:16)
  26 yaks
  A wraith (D:13)
  9 sharks
  4 wyverns
  8 hippogriffs
  3 hungry ghosts
  Grum (D:13)
  8 wolves
  7 vampire mosquitoes
  A hippogriff (shapeshifter) (D:16)
  17 deep elf fighters
  A hill giant skeleton (D:10)
  A human zombie (D:14)
  3 mottled dragons
  Menkaure (D:4)
  6 soldier ants (Lair:5)
  A soldier ant (shapeshifter) (D:15)
  An ogre skeleton (D:15)
  A necrophage (D:8)
  9 porcupines
  A swamp drake (Lair:3)
  7 sky beasts
  6 giant goldfish
  A yellow wasp (D:12)
  A dwarf (shapeshifter) (D:16)
  34 orc warriors
  8 ogres
  2 manticore skeletons (D:14)
  6 ice beasts
  A boring beetle (Lair:7)
  15 centaurs
  2 phantoms
  15 crocodiles
  4 wargs
  A big kobold (D:15)
  14 giant slugs
  Blork the orc (D:4)
  A brain worm (Lair:4)
  19 giant frogs
  A wyvern zombie (D:11)
  10 water moccasins
  2 troll zombies
  A cyclops skeleton (D:8)
  32 killer bees
  5 electric eels
  10 wights
  A pulsating lump (Lair:7)
  4 goliath beetles
  12 crimson imps
  A quasit (D:6)
  A troll skeleton (D:14)
  A giant frog zombie (D:8)
  10 jellies
  8 big fish
  A water moccasin zombie (D:7)
  A basilisk zombie (D:11)
  10 hounds
  8 scorpions
  A spectral orc (Lair:7)
  35 orc wizards
  24 orc priests
  A giant frog skeleton (D:8)
  12 spiders
  31 worker ants
  An orange rat (Elf:1)
  11 iguanas
  12 sheep
  8 boggarts (D:15)
  2 hound zombies
  A hound skeleton (D:4)
  4 mummies
  A worker ant zombie (D:7)
  8 gnolls
  22 adders
  2 big fish zombies (D:2)
  60 green rats
  3 giant mites
  An orc skeleton (D:5)
  6 worms
  2 adder zombies
  An iguana zombie (D:4)
  3 orc zombies
  2 adder skeletons
  2 giant eyeballs
  8 giant geckos
  3 oozes
  161 orcs
  A ball python (D:1)
  25 bats
  A bat skeleton (D:3)
  6 giant cockroaches
  30 hobgoblins
  34 jackals
  12 quokkas
  9 giant newts
  2 giant spores (D:11)
  28 goblins
  29 kobolds
  36 rats
  4 ballistomycetes (D:11)
  3 fungi
  A plant (Lair:7)
1268 creatures vanquished.

Vanquished Creatures (collateral kills)
  Saint Roka (Orc:4)
  An emperor scorpion (Lair:5)
  An orc high priest (Orc:4)
  A deep elf summoner (Elf:1)
  A giant orange brain (D:16)
  2 wolf spiders (Spider:1)
  An orc knight (Orc:4)
  2 orange demons (Lair:8)
  3 deep elf priests
  2 demonic crawlers
  A red devil (Lair:8)
  5 jumping spiders (Spider:1)
  A blue devil (Lair:8)
  2 deep elf magi
  A tarantella (Elf:1)
  An ugly thing (D:16)
  2 deep elf fighters (Elf:2)
  A human skeleton (Lair:8)
  A hell hound (Lair:8)
  An orc warrior (Orc:4)
  2 orc priests (Orc:4)
  An orc wizard (Orc:4)
  An orange rat (Elf:1)
  2 orcs (Orc:4)
37 creatures vanquished.

Vanquished Creatures (others)
  A green death (Orc:4)
  A blizzard demon (Lair:5)
  A water elemental (Orc:4)
  A deep elf fighter (Elf:1)
  A shark (D:14)
  An orc warrior (Orc:4)
  4 orcs (Orc:4)
  A giant spore (D:11)
  A bush (Lair:8)
  6 fungi
  4 plants
22 creatures vanquished.

Grand Total: 1327 creatures vanquished

Notes
Turn   | Place    | Note
--------------------------------------------------------------
     0 | D:1      | SomethingShithole, the Minotaur Fighter, began the quest for the Orb.
     0 | D:1      | Reached XP level 1. HP: 19/19 MP: 1/1
   436 | D:1      | Reached skill level 4 in Fighting
   460 | D:1      | Reached XP level 2. HP: 22/27 MP: 1/1
  1023 | D:2      | Reached XP level 3. HP: 30/33 MP: 2/2
  1446 | D:2      | Reached XP level 4. HP: 31/40 MP: 2/2
  1451 | D:2      | Reached skill level 1 in Dodging
  1762 | D:2      | Found a basalt altar of Yredelemnul.
  2075 | D:3      | Gained mutation: You have a pair of large horns on your head. [potion of beneficial mutation]
  2137 | D:3      | Reached XP level 5. HP: 25/46 MP: 2/2
  2556 | D:3      | Found a glowing golden altar of the Shining One.
  2879 | D:4      | Found Tyuranaf's Antique Weapon Shop.
  3000 | D:4      | Found Frutiz's Assorted Antiques.
  3001 | D:4      | Noticed Menkaure
  3019 | D:4      | Reached skill level 5 in Shields
  3083 | D:5      | Entered Level 5 of the Dungeon
  3298 | D:5      | Noticed an ogre
  3309 | D:5      | Reached skill level 5 in Armour
  3313 | D:5      | Killed an ogre
  3313 | D:5      | Reached XP level 6. HP: 31/53 MP: 3/3
  3453 | D:4      | Found Naetoaf's Assorted Antiques.
  3480 | D:4      | Noticed Blork the orc
  3485 | D:4      | Killed Blork the orc
  3530 | D:4      | Found Voyleas' Assorted Antiques.
  3532 | D:4      | Noticed a phantom
  3546 | D:4      | Killed a phantom
  3931 | D:4      | Killed Menkaure
  3931 | D:4      | Reached XP level 7. HP: 27/60 MP: 3/3
  4114 | D:4      | Found Strant's Assorted Antiques.
  4284 | D:5      | Noticed FishServ's ghost (average FeWn)
  4290 | D:5      | Killed FishServ's ghost
  4290 | D:5      | Reached skill level 5 in Maces & Flails
  4290 | D:5      | Reached skill level 6 in Armour
  4310 | D:5      | Noticed a hill giant
  4363 | D:4      | Reached skill level 5 in Fighting
  4541 | D:5      | Noticed a centaur
  4554 | D:5      | Killed a centaur
  4901 | D:5      | Noticed a centaur
  4930 | D:5      | Killed a centaur
  4930 | D:5      | Reached XP level 8. HP: 39/68 MP: 3/3
  5314 | D:5      | Killed a hill giant
  5314 | D:5      | Reached skill level 7 in Armour
  5314 | D:5      | Reached skill level 1 in Stealth
  5717 | D:5      | Paralysed by a potion of paralysis for 2 turns
  6222 | D:4      | Bought a smoking flail for 255 gold pieces
  6225 | D:4      | Identified the +10,+5 flail of the Radish {pain, Str+4} (You bought it in a shop on level 4 of the Dungeon)
  6361 | D:6      | Paralysed by a giant eyeball for 2 turns
  6366 | D:6      | Reached skill level 5 in Dodging
  6367 | D:6      | Paralysed by a giant eyeball for 3 turns
  6836 | D:6      | Reached XP level 9. HP: 66/75 MP: 4/4
  6841 | D:6      | Reached skill level 8 in Armour
  6900 | D:6      | Found a deep blue altar of Sif Muna.
  6919 | D:6      | Found a glowing silver altar of Zin.
  7193 | D:6      | Noticed a moth of wrath
  7220 | D:6      | Found a bloodstained altar of Trog.
  7729 | D:7      | Found a staircase to the Ecumenical Temple.
  7754 | Temple   | Entered the Ecumenical Temple
  7873 | D:7      | Got a steaming jade ring
  7978 | D:7      | Reached skill level 9 in Armour
  8452 | D:8      | Noticed Prince Ribbit
  8459 | D:8      | Killed Prince Ribbit
  8489 | D:8      | Reached XP level 10. HP: 83/86 MP: 4/4
  8582 | D:8      | Noticed Gastronok
  8601 | D:8      | Killed Gastronok
  8612 | D:8      | Found a flagged portal.
  8643 | Bailey   | Entered a bailey
  8761 | Bailey   | HP: 4/88 [poisoned by orc warrior (curare)]
  8763 | Bailey   | Found a bloodstained altar of Trog.
  9297 | D:8      | Found a blossoming altar of Fedhas.
  9311 | D:8      | Found an ancient bone altar of Kikubaaqudgha.
  9329 | D:8      | Reached skill level 1 in Throwing
  9563 | D:8      | Reached skill level 10 in Shields
 10030 | D:9      | Reached skill level 10 in Armour
 10050 | D:9      | Found a staircase to the Orcish Mines.
 10076 | D:9      | Reached skill level 10 in Maces & Flails
 10463 | D:9      | Found a staircase to the Lair.
 10620 | D:9      | Found a shadowy altar of Dithmenos.
 10707 | D:9      | Found a radiant altar of Vehumet.
 10707 | D:9      | Found a burning altar of Makhleb.
 10722 | D:9      | Became a worshipper of Makhleb the Destroyer
 10956 | Lair:1   | Entered Level 1 of the Lair of Beasts
 10965 | Lair:1   | Noticed FishServ's ghost (experienced HOCK)
 10976 | Lair:1   | Killed FishServ's ghost
 10976 | Lair:1   | Reached XP level 11. HP: 88/94 MP: 4/4
 11022 | Lair:1   | Noticed Gorice's ghost (powerful DsWn)
 11025 | Lair:1   | Noticed a six-headed hydra
 11042 | Lair:1   | Killed a six-headed hydra
 11042 | Lair:1   | Reached skill level 11 in Shields
 11049 | Lair:1   | Killed Gorice's ghost
 11164 | Lair:1   | Noticed a black mamba
 11168 | Lair:1   | Killed a black mamba
 11627 | Lair:1   | Acquired Makhleb's first power
 11954 | Lair:2   | Found a shadowy altar of Dithmenos.
 12134 | Lair:2   | Acquired Makhleb's second power
 12538 | Lair:3   | Noticed a six-headed hydra
 12547 | Lair:3   | Killed a six-headed hydra
 12547 | Lair:3   | Reached skill level 12 in Shields
 12593 | Lair:3   | Acquired Makhleb's third power
 12954 | Lair:3   | Reached XP level 12. HP: 85/104 MP: 6/6
 13189 | Lair:3   | Found a staircase to the Shoals.
 13196 | Lair:3   | Noticed a five-headed hydra
 13208 | Lair:3   | Killed a five-headed hydra
 13446 | Lair:3   | Acquired Makhleb's fourth power
 13464 | Lair:3   | Reached skill level 1 in Invocations
 13965 | Lair:4   | Noticed a four-headed hydra
 13974 | Lair:3   | Killed a four-headed hydra
 14328 | Lair:4   | Reached skill level 13 in Shields
 14550 | Lair:4   | Noticed a five-headed hydra
 14551 | Lair:4   | Acquired Makhleb's fifth power
 14559 | Lair:4   | Killed a five-headed hydra
 14583 | Lair:4   | Noticed a seven-headed hydra
 14589 | Lair:4   | Killed a seven-headed hydra
 15398 | Lair:5   | Reached skill level 10 in Fighting
 15527 | Lair:5   | Reached XP level 13. HP: 70/113 MP: 13/13
 15537 | Lair:5   | Reached skill level 14 in Shields
 15994 | Lair:5   | Found a hole to the Spider Nest.
 18142 | Lair:7   | Found a staircase to the Slime Pits.
 18457 | Lair:7   | Noticed Nergalle
 18576 | Lair:7   | Killed Nergalle
 18799 | Lair:8   | Entered Level 8 of the Lair of Beasts
 19217 | Lair:8   | Found a labyrinth entrance.
 19535 | Lair:8   | Reached skill level 15 in Shields
 19800 | Lair:8   | Noticed a dire elephant
 19845 | Lair:8   | Killed a dire elephant
 20072 | Lair:8   | Found a burning altar of Makhleb.
 20091 | Lair:8   | Reached XP level 14. HP: 124/124 MP: 16/16
 20573 | Lair:8   | Reached skill level 5 in Invocations
 20820 | Lair:8   | Gained mutation: You are clumsy. (Dex -2) [a cacodemon]
 20826 | Lair:8   | Gained mutation: You are weak. (Str -2) [a cacodemon]
 20833 | Lair:8   | Gained mutation: Your body is slowly deteriorating. [a cacodemon]
 20961 | Lair:8   | Found a gateway to Hell.
 20988 | Lair:8   | Noticed a dire elephant
 20997 | Lair:8   | Killed a dire elephant
 21992 | Orc:1    | Entered Level 1 of the Orcish Mines
 21993 | Orc:1    | Found Ojia's Weapon Shop.
 23677 | Orc:3    | Found a staircase to the Elven Halls.
 23689 | Orc:3    | Found Obaawaf's Magic Scroll Shop.
 23699 | Orc:3    | Bought a scroll of brand weapon for 260 gold pieces
 23699 | Orc:3    | Bought a scroll of enchant armour for 97 gold pieces
 23699 | Orc:3    | Bought a scroll of identify for 26 gold pieces
 24146 | Orc:4    | Entered Level 4 of the Orcish Mines
 24416 | Orc:4    | Noticed Saint Roka
 24750 | Orc:3    | Lost mutation: You are weak. (Str -2) [potion of cure mutation]
 24750 | Orc:3    | Lost mutation: Your body is slowly deteriorating. [potion of cure mutation]
 24750 | Orc:3    | Lost mutation: You are clumsy. (Dex -2) [potion of cure mutation]
 24750 | Orc:3    | Lost mutation: You have a pair of large horns on your head. [potion of cure mutation]
 24862 | Orc:3    | Bought a scroll of summoning for 123 gold pieces
 25575 | D:10     | Entered Level 10 of the Dungeon
 27801 | D:11     | Reached skill level 16 in Shields
 27817 | D:11     | Got a brightly glowing scale mail
 27818 | D:11     | Identified the cursed +5 scale mail "Jece" {+Inv MR+ Int+2} (You found it on level 11 of the Dungeon)
 28348 | D:12     | Got a smoking plate armour
 28373 | D:12     | Identified the cursed -4 plate armour "Scheithr Esio" {rF+} (You found it on level 12 of the Dungeon)
 28481 | D:12     | Reached skill level 15 in Maces & Flails
 29799 | D:13     | Reached XP level 15. HP: 133/133 MP: 22/22
 29826 | D:13     | Noticed Grum
 29830 | D:13     | Killed Grum
 30157 | D:13     | Found Travuv's General Store.
 31094 | D:14     | Found a white marble altar of Elyvilon.
 32131 | D:15     | Entered Level 15 of the Dungeon
 32749 | D:15     | Found a gate to the Vaults.
 32973 | D:15     | Reached skill level 17 in Shields
 33187 | D:15     | Found an ancient bone altar of Kikubaaqudgha.
 33276 | D:16     | Entered Level 16 of the Dungeon
 33848 | D:16     | Found a staircase to the Depths.
 35197 | Spider:1 | Entered Level 1 of the Spider Nest
 36498 | Spider:1 | Reached XP level 16. HP: 144/144 MP: 23/23
 38599 | Orc:4    | Killed Saint Roka
 38747 | Orc:4    | Found a roughly hewn altar of Beogh.
 39282 | Orc:4    | Found Rousidwuga's Jewellery Shoppe.
 39298 | Orc:4    | Bought the ring "Kifria" {rElec rPois Dam+2 SInv} for 582 gold pieces
 39339 | Orc:4    | Found Koonount's General Store.
 39345 | Orc:4    | Bought a potion of curing for 22 gold pieces
 39464 | Orc:4    | Found Khoqusmygug's Antique Weapon Shoppe.
 39481 | Orc:4    | Found Ciafud's Antique Armour Shoppe.
 39487 | Orc:4    | Bought a pair of twisted boots for 247 gold pieces
 39491 | Orc:4    | Identified the +0 pair of boots "Hised" {rF++ Int+2 SInv} (You bought it in a shop on level 4 of the Orcish Mines)
 39661 | Orc:4    | Found a bloodstained altar of Trog.
 40038 | Elf:1    | Entered Level 1 of the Elven Halls
 41210 | Elf:1    | Noticed Harold
 41221 | Elf:1    | Killed Harold
 41477 | Elf:2    | Reached skill level 10 in Dodging
 43382 | Elf:2    | HP: 7/145 [sixfirhy[an orc sorcerer] (7)]
 43382 | Elf:2    | Slain by a sixfirhy

Action                   |  1- 3 |  4- 6 |  7- 9 | 10-12 | 13-15 | 16-18 || total
-------------------------+-------+-------+-------+-------+-------+-------++-------
Melee: Mace              |    80 |   159 |   127 |       |       |       ||   366
       Flail             |       |       |   199 |   782 |  2122 |   341 ||  3444
Throw: Tomahawk          |       |       |       |    30 |    11 |    35 ||    76
Invok: Minor Destruction |       |       |       |    62 |   131 |    86 ||   279
       Major Destruction |       |       |       |       |    43 |    27 ||    70
       Greater Servant o |       |       |       |       |    14 |     9 ||    23
Evoke: Wand              |       |       |       |       |     5 |       ||     5
       Fan of gales      |       |       |       |       |       |     1 ||     1
       Phial of floods   |       |       |       |       |       |     1 ||     1
  Use: Scroll            |     4 |     4 |     7 |    12 |    16 |     2 ||    45
       Potion            |     2 |     3 |     6 |     5 |     9 |     8 ||    33
 Stab: Distracted        |       |       |       |     1 |       |     1 ||     2
       Confused          |       |       |       |       |     1 |       ||     1
